Patriotes vs Sewer Rats
Created - November 29, 2018 at 20:38
Goals
|
Patriotes |
2 |
1 |
1 |
4 |
Sewer Rats |
0 |
4 |
1 |
5 |
|
Shots
|
Patriotes |
13 |
7 |
14 |
34 |
Sewer Rats |
8 |
20 |
10 |
38 |
|
1st period
1. Patriotes , Timothy Kunes 5 (Matt Calvert 11, Emerson Etem 10) at 11:19
2. Patriotes , Timothy Kunes 6 (Christian Hanson 15) at 11:26
Penalties :
Timothy Kunes (Nyc) for Roughing (Minor) at 8:36
2nd period
3. Sewer Rats , Mark Mancari 14 (Ville Leino 22) at 4:21
4. Sewer Rats , Kyle Turris 2 (Matt Lashoff 11, Ville Leino 23) at 8:17 (SH)
5. Sewer Rats , Martin Frk 9 (William Karlsson 11) at 14:56
6. Patriotes , Matt Calvert 8 (Emerson Etem 11, Anthony Bitetto 10) at 15:42 (PP)
7. Sewer Rats , Erik Condra 2 (Daniel Carr 9, Ryan Murphy 5) at 18:26
Penalties :
Anthony Duclair (Tol) for Holding (Minor) at 7:54, Aleksander Barkov (Nyc) for Hooking (Minor) at 12:42, Anthony Duclair (Tol) for Holding (Minor) at 15:06
3rd period
8. Sewer Rats , Ryan Murphy 1 (Martin Frk 7, Steven Kampfer 10) at 13:56
9. Patriotes , Riley Barber 1 (Shea Theodore 5, Shane Sims 9) at 19:22
Penalties :
William Karlsson (Tol) for Holding (Minor) at 5:16, Martin Frk (Tol) for Hooking (Minor) at 17:05
Goalie Stats
Thomas Greiss (Nyc), 33 saves from 38 shots - (0.868), L, 5-9-0, 59:36 minutes
Marek Mazanek (Tol), 30 saves from 34 shots - (0.882), W, 15-3-1, 60:00 minutes
Players Stats for Patriotes
Player Name G A P +/- PIM S H SB GA TA FO MP PP MP PK MP
------------------------------------------------------------------------------------
Aleksander Barkov 0 0 0 -1 2 4 1 1 0 0 5/7 10:53 0:00 0:00
Anthony Bitetto 0 1 1 -1 0 3 0 4 0 2 0/0 27:24 4:55 1:59
Austin Watson 0 0 0 1 0 0 0 0 0 0 0/0 0:48 0:07 0:23
Borna Rendulic 0 0 0 -1 0 0 3 0 0 0 0/1 10:49 0:00 0:00
Christian Hanson 0 1 1 -1 0 2 1 0 0 0 17/34 23:46 4:03 2:05
Dale Weise 0 0 0 -2 0 0 0 0 0 0 0/0 6:20 0:00 0:00
David Kolomatis 0 0 0 -1 0 2 1 1 2 0 0/0 20:45 1:38 1:59
Dillon Heatherington 0 0 0 0 0 1 0 0 0 0 0/0 13:08 0:00 1:14
Emerson Etem 0 2 2 1 0 2 0 2 1 0 2/2 16:42 2:23 0:00
Evgeny Kuznetsov 0 0 0 1 0 1 3 0 0 0 3/10 16:42 2:23 0:00
Jared Knight 0 0 0 -2 0 0 0 0 0 0 0/0 6:20 0:00 0:00
Jason Zucker 0 0 0 -1 0 7 1 0 2 0 4/7 24:04 4:10 2:11
Justin Florek 0 0 0 -1 0 0 3 0 1 1 0/0 10:49 0:00 0:00
Mario Lucia 0 0 0 0 0 0 0 0 0 0 0/0 0:00 0:00 0:00
Matt Calvert 1 1 2 1 0 4 6 0 1 1 0/0 18:03 2:23 1:21
Maxim Mamin 0 0 0 0 0 0 0 0 0 0 0/0 0:00 0:00 0:00
Riley Barber 1 0 1 1 0 1 0 0 0 0 0/0 0:58 0:00 0:35
Robert Baillargeon 0 0 0 0 0 0 0 0 0 0 0/0 0:00 0:00 0:00
Ryan Fitzgerald 0 0 0 1 0 0 0 0 0 0 0/0 0:22 0:07 0:00
Shane Sims 0 1 1 -1 0 2 0 0 1 1 0/0 20:45 1:38 1:59
Shea Theodore 0 1 1 0 0 0 0 0 2 0 0/0 12:28 0:00 0:00
Timothy Kunes 2 0 2 -1 2 3 1 4 0 1 0/0 25:32 4:55 0:45
Tyler Randell 0 0 0 -1 0 1 5 0 0 0 2/3 23:02 4:03 1:21
Vince Hinostroza 0 0 0 -2 0 1 1 0 0 0 0/0 6:20 0:00 0:00
Players Stats for Sewer Rats
Player Name G A P +/- PIM S H SB GA TA FO MP PP MP PK MP
------------------------------------------------------------------------------------
Anthony Duclair 0 0 0 2 4 0 0 0 0 0 0/0 12:20 0:00 0:06
Connor Carrick 0 0 0 0 0 1 0 0 0 0 0/0 4:19 0:00 0:07
Daniel Carr 0 1 1 0 0 2 1 0 4 0 2/2 19:12 1:49 0:45
Dmitrij Jaskin 0 0 0 -2 0 0 0 0 0 0 0/0 6:58 0:00 1:20
Erik Condra 1 0 1 1 0 5 0 0 0 0 0/0 19:10 1:49 1:26
Jarred Tinordi 0 0 0 -1 0 0 1 2 0 1 0/0 19:41 1:46 2:20
Joel Edmundson 0 0 0 -1 0 0 0 0 0 1 0/0 19:41 1:46 2:20
John Ramage 0 0 0 2 0 0 0 1 0 0 0/0 10:08 0:00 0:07
Jonathan Marchessault 0 0 0 1 0 2 2 1 0 0 5/10 17:44 1:49 0:00
Kyle Turris 1 0 1 1 0 4 3 0 1 2 13/33 22:35 2:09 3:57
Mark Mancari 1 0 1 0 0 3 2 0 0 0 3/3 20:04 2:09 1:26
Martin Frk 1 1 2 1 2 4 2 0 1 0 0/0 11:57 0:00 0:00
Matt Lashoff 0 1 1 1 0 2 2 1 0 2 0/0 26:01 2:12 4:06
Nick Cousins 0 0 0 -1 0 2 0 0 0 0 0/0 4:55 0:00 0:00
Ryan Murphy 1 1 2 2 0 1 0 0 0 0 0/0 9:59 0:00 0:00
Steven Kampfer 0 1 1 1 0 4 2 1 0 1 0/0 26:01 2:12 4:06
Ville Leino 0 2 2 0 0 2 2 2 0 2 7/12 26:11 2:09 3:55
William Karlsson 0 1 1 2 2 6 2 0 0 0 1/4 12:17 0:00 0:11
Xavier Ouellet 0 0 0 0 0 0 0 1 0 1 0/0 4:10 0:00 0:00
3 Stars
1 - Matt Calvert (Nyc)
2 - Ryan Murphy (Tol)
3 - Kyle Turris (Tol)
Power Play
Patriotes - 1 on 4 Attempt(s) - 25.00%
Sewer Rats - 0 on 2 Attempt(s) - 0.00%
Penalty Kill
Patriotes - 2 on 2 Attempt(s) - 100.00%
- Score 0 goal in Penalty Kill
Sewer Rats - 3 on 4 Attempt(s) - 75.00%
- Score 1 goal in Penalty Kill
Team Stat
Patriotes - Hits : 26 - Faceoff Wins : 33 - Blocked Shots : 12 - Penalty Minutes : 4
Sewer Rats - Hits : 19 - Faceoff Wins : 31 - Blocked Shots : 9 - Penalty Minutes : 8
Official
Referees : Unknown
Linesman : Unknown
Game Notes
No Game Note
Finance
Level 1 -- Attendance: 1609 (80.45%) -- Ticket Income $56,315
Level 2 -- Attendance: 714 (71.40%) -- Ticket Income $12,138
Total Attendance: 2323 (77.43%)
Total Ticket Income: $68,453
Other Income: $3,423
Total Income: $71,876
Patriotes
5 vs 5 Forward
Center Left Wing Right Wing Time % Phy DF OF
1 Christian Hanson Jason Zucker Tyler Randell 40 1 2 2
2 Evgeny Kuznetsov Matt Calvert Emerson Etem 30 1 2 2
3 Aleksander Barkov Justin Florek Borna Rendulic 20 1 2 2
4 Jared Knight Vince Hinostroza Dale Weise 10 1 2 2
5 vs 5 Defense
Defense Defense Time % Phy DF OF
1 Timothy Kunes Anthony Bitetto 40 1 2 2
2 Shane Sims David Kolomatis 30 1 2 2
3 Shea Theodore Dillon Heatherington 20 1 2 2
4 Timothy Kunes Anthony Bitetto 10 1 2 2
PowerPlay Forward
Center Left Wing Right Wing Time % Phy DF OF
1 Christian Hanson Jason Zucker Tyler Randell 60 1 2 2
2 Evgeny Kuznetsov Matt Calvert Emerson Etem 40 1 2 2
PowerPlay Defense
Defense Defense Time % Phy DF OF
1 Timothy Kunes Anthony Bitetto 60 1 2 2
2 Shane Sims David Kolomatis 40 1 2 2
Penalty Kill 4 Players Forward
Center Wing Time % Phy DF OF
1 Jason Zucker Christian Hanson 60 1 2 2
2 Tyler Randell Matt Calvert 40 1 2 2
Penalty Kill 4 Players Defense
Defense Defense Time % Phy DF OF
1 Timothy Kunes Anthony Bitetto 60 1 2 2
2 Shane Sims David Kolomatis 40 1 2 2
Penalty Kill - 3 Players Forward
Forward Time % Phy DF OF
1 Jason Zucker 60 1 2 2
2 Christian Hanson 40 1 2 2
Penalty Kill - 3 Players Defense
Defense Defense Time % Phy DF OF
1 Timothy Kunes Anthony Bitetto 60 1 2 2
2 Shane Sims David Kolomatis 40 1 2 2
4 vs 4 Forward
Center Wing Time % Phy DF OF
1 Jason Zucker Christian Hanson 60 1 2 2
2 Tyler Randell Matt Calvert 40 1 2 2
4 vs 4 Defense
Defense Defense Time % Phy DF OF
1 Timothy Kunes Anthony Bitetto 60 1 2 2
2 Shane Sims David Kolomatis 40 1 2 2
Last Minutes Offensive
Center Left Wing Right Wing Defense Defense
Christian Hanson Jason Zucker Tyler Randell Timothy Kunes Anthony Bitetto
Last Minutes Defensive
Center Left Wing Right Wing Defense Defense
Christian Hanson Jason Zucker Tyler Randell Timothy Kunes Anthony Bitetto
Goaltenders
Starting : Thomas Greiss
Backup : Andrei Vasilevskiy
Extra Forwards
Normal : Austin Watson, Ryan Fitzgerald, Riley Barber - PP : Austin Watson, Ryan Fitzgerald - PK : Riley Barber
Extra Defensemen
Normal : Shea Theodore, Dillon Heatherington, Shane Sims - PP : Shea Theodore - PK : Dillon Heatherington, Shane Sims
Penalty Shots
Jason Zucker, Christian Hanson, Tyler Randell, Matt Calvert, Evgeny Kuznetsov
Scratches
Aaron Ness (Healthy), Phoenix Copley (Healthy)
Sewer Rats
5 vs 5 Forward
Center Left Wing Right Wing Time % Phy DF OF
1 Kyle Turris Ville Leino Mark Mancari 40 1 2 2
2 Jonathan Marchessault Daniel Carr Erik Condra 30 1 2 2
3 William Karlsson Anthony Duclair Martin Frk 20 1 2 2
4 Nick Cousins Ville Leino Dmitrij Jaskin 10 1 2 2
5 vs 5 Defense
Defense Defense Time % Phy DF OF
1 Matt Lashoff Steven Kampfer 40 1 2 2
2 Jarred Tinordi Joel Edmundson 30 1 2 2
3 Ryan Murphy John Ramage 20 1 2 2
4 Connor Carrick Xavier Ouellet 10 1 2 2
PowerPlay Forward
Center Left Wing Right Wing Time % Phy DF OF
1 Kyle Turris Ville Leino Mark Mancari 60 1 2 2
2 Jonathan Marchessault Daniel Carr Erik Condra 40 1 2 2
PowerPlay Defense
Defense Defense Time % Phy DF OF
1 Matt Lashoff Steven Kampfer 60 1 2 2
2 Jarred Tinordi Joel Edmundson 40 1 2 2
Penalty Kill 4 Players Forward
Center Wing Time % Phy DF OF
1 Ville Leino Kyle Turris 60 1 2 2
2 Mark Mancari Erik Condra 40 1 2 2
Penalty Kill 4 Players Defense
Defense Defense Time % Phy DF OF
1 Matt Lashoff Steven Kampfer 60 1 2 2
2 Jarred Tinordi Joel Edmundson 40 1 2 2
Penalty Kill - 3 Players Forward
Forward Time % Phy DF OF
1 Ville Leino 60 1 2 2
2 Kyle Turris 40 1 2 2
Penalty Kill - 3 Players Defense
Defense Defense Time % Phy DF OF
1 Matt Lashoff Steven Kampfer 60 1 2 2
2 Jarred Tinordi Joel Edmundson 40 1 2 2
4 vs 4 Forward
Center Wing Time % Phy DF OF
1 Ville Leino Kyle Turris 60 1 2 2
2 Mark Mancari Erik Condra 40 1 2 2
4 vs 4 Defense
Defense Defense Time % Phy DF OF
1 Matt Lashoff Steven Kampfer 60 1 2 2
2 Jarred Tinordi Joel Edmundson 40 1 2 2
Last Minutes Offensive
Center Left Wing Right Wing Defense Defense
Kyle Turris Ville Leino Mark Mancari Matt Lashoff Steven Kampfer
Last Minutes Defensive
Center Left Wing Right Wing Defense Defense
Kyle Turris Ville Leino Mark Mancari Matt Lashoff Steven Kampfer
Goaltenders
Starting : Marek Mazanek
Backup : Sergei Kostenko
Extra Forwards
Normal : William Karlsson, Martin Frk, Dmitrij Jaskin - PP : William Karlsson, Martin Frk - PK : Dmitrij Jaskin
Extra Defensemen
Normal : Ryan Murphy, John Ramage, Connor Carrick - PP : Ryan Murphy - PK : John Ramage, Connor Carrick
Penalty Shots
Ville Leino, Kyle Turris, Mark Mancari, Erik Condra, Jonathan Marchessault
Scratches
Vincent Trocheck (Right Wrist Injury), Jonathan Huberdeau (Sore Left Knee Injury), Dominik Kubalik (Healthy), Mattias Ekholm (Left Hand Injury), Josh Archibald (Healthy)
Jonathan Racine (Healthy), Joseph Blandisi (Healthy), Tyler Motte (Healthy), Chris Calhan (Healthy), Antoine Bibeau (Healthy)
% Time on Ice - Patriotes
Lines # - Real PCT - Wanted PCT - Time Play
Normal Forward
1 - 36% - 40% - 17:24
2 - 29% - 30% - 14:19
3 - 22% - 20% - 10:49
4 - 13% - 10% - 6:20
Normal Defense
1 - 37% - 40% - 17:58
2 - 35% - 30% - 17:08
3 - 24% - 20% - 11:51
4 - 4% - 10% - 1:55
PP Forward
1 - 64% - 60% - 4:10
2 - 36% - 40% - 2:23
PP Defense
1 - 75% - 60% - 4:55
2 - 25% - 40% - 1:38
PK Forward
1 - 66% - 60% - 2:37
2 - 34% - 40% - 1:21
PK Defense
1 - 50% - 60% - 1:59
2 - 50% - 40% - 1:59
PK3 Forward
1 - 0% - 60%
2 - 0% - 40%
PK3 Defense
1 - 0% - 60%
2 - 0% - 40%
44 Forward
1 - 0% - 60%
2 - 0% - 40%
44 Defense
1 - 0% - 60%
2 - 0% - 40%
Last Minute Offensive - 0:37
Last Minute Defensive - 0:00
Total
Forward - 60:00
Defense - 60:00
|
% Time on Ice - Sewer Rats
Lines # - Real PCT - Wanted PCT - Time Play
Normal Forward
1 - 34% - 40% - 16:37
2 - 33% - 30% - 15:55
3 - 23% - 20% - 11:25
4 - 10% - 10% - 4:55
Normal Defense
1 - 39% - 40% - 19:08
2 - 32% - 30% - 15:35
3 - 20% - 20% - 9:59
4 - 9% - 10% - 4:10
PP Forward
1 - 54% - 60% - 2:09
2 - 46% - 40% - 1:49
PP Defense
1 - 55% - 60% - 2:12
2 - 45% - 40% - 1:46
PK Forward
1 - 78% - 60% - 5:07
2 - 22% - 40% - 1:26
PK Defense
1 - 64% - 60% - 4:13
2 - 36% - 40% - 2:20
PK3 Forward
1 - 0% - 60%
2 - 0% - 40%
PK3 Defense
1 - 0% - 60%
2 - 0% - 40%
44 Forward
1 - 0% - 60%
2 - 0% - 40%
44 Defense
1 - 0% - 60%
2 - 0% - 40%
Last Minute Offensive - 0:00
Last Minute Defensive - 0:37
Total
Forward - 60:00
Defense - 60:00
|
Play by Play
1st period
0:01 of 1st period - Kyle Turris wins face-off versus Jason Zucker in neutral zone.
0:08 of 1st period - Wrist shot by Tyler Randell.
0:08 of 1st period - Shot Misses the Net.
0:35 of 1st period - Wrist shot by Erik Condra.
0:35 of 1st period - Stopped by Thomas Greiss with a rebound.
1:19 of 1st period - Snap shot by Nick Cousins.
1:19 of 1st period - Stopped by Thomas Greiss without a rebound.
1:20 of 1st period - Christian Hanson wins face-off versus Kyle Turris in Patriotes zone.
1:53 of 1st period - Off-side.
1:54 of 1st period - Aleksander Barkov wins face-off versus Kyle Turris in neutral zone.
1:58 of 1st period - Off-side.
1:59 of 1st period - Kyle Turris wins face-off versus Aleksander Barkov in neutral zone.
2:02 of 1st period - Timothy Kunes is hit by Kyle Turris and loses puck.
2:35 of 1st period - Backhand shot by Jason Zucker.
2:35 of 1st period - Stopped by Marek Mazanek with a rebound.
3:05 of 1st period - Wrist shot by Anthony Duclair.
3:05 of 1st period - Shot Misses the Net.
3:24 of 1st period - Off-side.
3:25 of 1st period - Jonathan Marchessault wins face-off versus Christian Hanson in neutral zone.
3:53 of 1st period - Wrist shot by Matt Calvert.
3:53 of 1st period - Stopped by Marek Mazanek with a rebound.
3:55 of 1st period - Slapshot by Dillon Heatherington.
3:55 of 1st period - Stopped by Marek Mazanek without a rebound.
3:56 of 1st period - Mark Mancari wins face-off versus Evgeny Kuznetsov in Sewer Rats zone.
4:07 of 1st period - Mark Mancari is hit by Evgeny Kuznetsov.
4:47 of 1st period - Anthony Bitetto is hit by Matt Lashoff.
5:03 of 1st period - Snap shot by Vince Hinostroza.
5:03 of 1st period - Stopped by Marek Mazanek with a rebound.
5:17 of 1st period - Snap shot by Evgeny Kuznetsov.
5:17 of 1st period - Shot Misses the Net.
5:19 of 1st period - Slapshot by Anthony Bitetto.
5:19 of 1st period - Stopped by Marek Mazanek with a rebound.
5:46 of 1st period - Backhand shot by Ville Leino.
5:46 of 1st period - Shot Blocked by David Kolomatis.
6:00 of 1st period - Backhand shot by Jason Zucker.
6:00 of 1st period - Stopped by Marek Mazanek without a rebound.
6:01 of 1st period - Christian Hanson wins face-off versus Jonathan Marchessault in Sewer Rats zone.
6:20 of 1st period - Snap shot by Jason Zucker.
6:20 of 1st period - Shot Blocked by Matt Lashoff.
6:40 of 1st period - Christian Hanson is hit by Steven Kampfer and loses puck.
6:47 of 1st period - Daniel Carr is hit by Tyler Randell and loses puck.
6:52 of 1st period - Wrist shot by Jason Zucker.
6:52 of 1st period - Shot Misses the Net.
7:22 of 1st period - Daniel Carr is hit by Tyler Randell and loses puck.
7:29 of 1st period - Slapshot by Jason Zucker.
7:29 of 1st period - Shot Misses the Net.
7:31 of 1st period - Snap shot by Christian Hanson.
7:31 of 1st period - Stopped by Marek Mazanek without a rebound.
7:32 of 1st period - Kyle Turris wins face-off versus Evgeny Kuznetsov in Sewer Rats zone.
7:57 of 1st period - Shea Theodore is hit by Martin Frk.
8:25 of 1st period - Wrist shot by Ville Leino.
8:25 of 1st period - Shot Blocked by Timothy Kunes.
8:27 of 1st period - Wrist shot by Ville Leino.
8:27 of 1st period - Deflect By Timothy Kunes.
8:27 of 1st period - Stopped by Thomas Greiss without a rebound.
8:28 of 1st period - Kyle Turris wins face-off versus Evgeny Kuznetsov in Patriotes zone.
8:33 of 1st period - Snap shot by Kyle Turris.
8:33 of 1st period - Stopped by Thomas Greiss without a rebound.
8:34 of 1st period - Emerson Etem wins face-off versus Kyle Turris in Patriotes zone.
8:36 of 1st period - Minor Penalty to Timothy Kunes for Roughing.
8:37 of 1st period - Jason Zucker wins face-off versus Kyle Turris in Patriotes zone.
9:11 of 1st period - Wrist shot by Jonathan Marchessault.
9:11 of 1st period - Shot Misses the Net.
9:13 of 1st period - Wrist shot by Erik Condra.
9:13 of 1st period - Stopped by Thomas Greiss with a rebound.
9:34 of 1st period - Icing by Daniel Carr.
9:35 of 1st period - Tyler Randell wins face-off versus Jonathan Marchessault in Sewer Rats zone.
10:36 of 1st period - Penalty to Timothy Kunes is over, Timothy Kunes is back on ice.
11:10 of 1st period - Ville Leino is hit by Evgeny Kuznetsov and loses puck.
11:15 of 1st period - Snap shot by Emerson Etem.
11:15 of 1st period - Stopped by Marek Mazanek with a rebound.
11:17 of 1st period - Backhand shot by Matt Calvert.
11:17 of 1st period - Shot Blocked by Jarred Tinordi.
11:19 of 1st period - Snap shot by Timothy Kunes.
11:19 of 1st period - Goal by Timothy Kunes - Patriotes : 1 - Sewer Rats : 0.
11:20 of 1st period - Kyle Turris wins face-off versus Christian Hanson in neutral zone.
11:22 of 1st period - Off-side.
11:23 of 1st period - Christian Hanson wins face-off versus Kyle Turris in neutral zone.
11:26 of 1st period - Wrist shot by Timothy Kunes.
11:26 of 1st period - Goal by Timothy Kunes - Patriotes : 2 - Sewer Rats : 0.
11:27 of 1st period - Kyle Turris wins face-off versus Evgeny Kuznetsov in neutral zone.
12:13 of 1st period - Icing by Kyle Turris.
12:14 of 1st period - Daniel Carr wins face-off versus Christian Hanson in Sewer Rats zone.
13:30 of 1st period - Off-side.
13:31 of 1st period - Christian Hanson wins face-off versus William Karlsson in neutral zone.
13:58 of 1st period - Shane Sims is hit by Kyle Turris and loses puck.
14:05 of 1st period - Slapshot by Mark Mancari.
14:05 of 1st period - Stopped by Thomas Greiss without a rebound.
14:06 of 1st period - Kyle Turris wins face-off versus Christian Hanson in Patriotes zone.
14:09 of 1st period - Wrist shot by Kyle Turris.
14:09 of 1st period - Shot Misses the Net.
14:11 of 1st period - Wrist shot by Kyle Turris.
14:11 of 1st period - Shot Misses the Net.
14:13 of 1st period - Slapshot by Connor Carrick.
14:13 of 1st period - Deflect By Jason Zucker.
14:13 of 1st period - Stopped by Thomas Greiss without a rebound.
14:14 of 1st period - Tyler Randell wins face-off versus Kyle Turris in Patriotes zone.
14:36 of 1st period - Icing by Jason Zucker.
14:37 of 1st period - Jonathan Marchessault wins face-off versus Evgeny Kuznetsov in Patriotes zone.
14:46 of 1st period - Shea Theodore is hit by Steven Kampfer and loses puck.
15:03 of 1st period - Dillon Heatherington is hit by William Karlsson and loses puck.
15:12 of 1st period - Slapshot by Evgeny Kuznetsov.
15:12 of 1st period - Shot Misses the Net.
15:33 of 1st period - Snap shot by Ville Leino.
15:33 of 1st period - Stopped by Thomas Greiss with a rebound.
15:57 of 1st period - Snap shot by Jason Zucker.
15:57 of 1st period - Stopped by Marek Mazanek with a rebound.
16:11 of 1st period - Jarred Tinordi is hit by Borna Rendulic and loses puck.
16:34 of 1st period - Wrist shot by Ville Leino.
16:34 of 1st period - Shot Misses the Net.
16:51 of 1st period - Jonathan Marchessault is hit by Jason Zucker and loses puck.
17:12 of 1st period - Mark Mancari is hit by Borna Rendulic and loses puck.
17:29 of 1st period - Slapshot by Timothy Kunes.
17:29 of 1st period - Stopped by Marek Mazanek with a rebound.
17:39 of 1st period - Borna Rendulic is hit by Daniel Carr and loses puck.
18:04 of 1st period - Wrist shot by William Karlsson.
18:04 of 1st period - Shot Misses the Net.
18:42 of 1st period - William Karlsson is hit by Justin Florek and loses puck.
18:47 of 1st period - Snap shot by Aleksander Barkov.
18:47 of 1st period - Stopped by Marek Mazanek with a rebound.
19:11 of 1st period - Matt Lashoff is hit by Matt Calvert and loses puck.
19:57 of 1st period - Steven Kampfer is hit by Vince Hinostroza and loses puck.
Goals for this period are 2 for Patriotes vs 0 for Sewer Rats.
Shots for this period are 13 for Patriotes vs 8 for Sewer Rats.
2nd period
0:01 of 2nd period - Christian Hanson wins face-off versus Kyle Turris in neutral zone.
0:55 of 2nd period - Backhand shot by Vince Hinostroza.
0:55 of 2nd period - Shot Misses the Net.
0:57 of 2nd period - Slapshot by Shane Sims.
0:57 of 2nd period - Stopped by Marek Mazanek with a rebound.
0:59 of 2nd period - Slapshot by Shane Sims.
0:59 of 2nd period - Shot Blocked by Jarred Tinordi.
1:03 of 2nd period - Wrist shot by Dale Weise.
1:03 of 2nd period - Shot Misses the Net.
1:05 of 2nd period - Slapshot by David Kolomatis.
1:05 of 2nd period - Stopped by Marek Mazanek without a rebound.
1:06 of 2nd period - Ville Leino wins face-off versus Christian Hanson in Sewer Rats zone.
1:15 of 2nd period - Anthony Bitetto is hit by Mark Mancari and loses puck.
1:32 of 2nd period - Emerson Etem is hit by Jonathan Marchessault and loses puck.
1:57 of 2nd period - Slapshot by Martin Frk.
1:57 of 2nd period - Shot Blocked by Aleksander Barkov.
1:59 of 2nd period - Slapshot by Matt Lashoff.
1:59 of 2nd period - Deflect By Martin Frk.
1:59 of 2nd period - Stopped by Thomas Greiss with a rebound.
2:01 of 2nd period - Snap shot by William Karlsson.
2:01 of 2nd period - Shot Blocked by Timothy Kunes.
2:03 of 2nd period - Snap shot by Matt Lashoff.
2:03 of 2nd period - Deflect By Justin Florek.
2:03 of 2nd period - Stopped by Thomas Greiss without a rebound.
2:04 of 2nd period - Ville Leino wins face-off versus Christian Hanson in Patriotes zone.
2:11 of 2nd period - Snap shot by Mark Mancari.
2:11 of 2nd period - Shot Misses the Net.
2:23 of 2nd period - Jason Zucker is hit by Ville Leino and loses puck.
2:34 of 2nd period - Snap shot by Jason Zucker.
2:34 of 2nd period - Stopped by Marek Mazanek without a rebound.
2:35 of 2nd period - Jonathan Marchessault wins face-off versus Evgeny Kuznetsov in Sewer Rats zone.
2:48 of 2nd period - Wrist shot by Daniel Carr.
2:48 of 2nd period - Stopped by Thomas Greiss without a rebound.
2:49 of 2nd period - Jason Zucker wins face-off versus Kyle Turris in Patriotes zone.
3:41 of 2nd period - Snap shot by Martin Frk.
3:41 of 2nd period - Stopped by Thomas Greiss with a rebound.
3:43 of 2nd period - Snap shot by William Karlsson.
3:43 of 2nd period - Stopped by Thomas Greiss with a rebound.
3:45 of 2nd period - Snap shot by William Karlsson.
3:45 of 2nd period - Stopped by Thomas Greiss with a rebound.
3:47 of 2nd period - Backhand shot by Steven Kampfer.
3:47 of 2nd period - Stopped by Thomas Greiss with a rebound.
3:49 of 2nd period - Slapshot by Steven Kampfer.
3:49 of 2nd period - Stopped by Thomas Greiss without a rebound.
3:50 of 2nd period - Mark Mancari wins face-off versus Christian Hanson in Patriotes zone.
3:55 of 2nd period - Snap shot by Kyle Turris.
3:55 of 2nd period - Shot Blocked by Anthony Bitetto.
3:57 of 2nd period - Snap shot by Kyle Turris.
3:57 of 2nd period - Deflect By Ville Leino.
3:57 of 2nd period - Shot Blocked by Anthony Bitetto.
3:57 of 2nd period - Puck is out of play.
3:58 of 2nd period - Christian Hanson wins face-off versus Kyle Turris in Patriotes zone.
4:21 of 2nd period - Snap shot by Mark Mancari.
4:21 of 2nd period - Goal by Mark Mancari - Patriotes : 2 - Sewer Rats : 1.
4:22 of 2nd period - Christian Hanson wins face-off versus Kyle Turris in neutral zone.
4:27 of 2nd period - Icing by Ville Leino.
4:28 of 2nd period - Kyle Turris wins face-off versus Christian Hanson in Sewer Rats zone.
5:01 of 2nd period - Wrist shot by Jonathan Marchessault.
5:01 of 2nd period - Stopped by Thomas Greiss with a rebound.
5:03 of 2nd period - Slapshot by Matt Lashoff.
5:03 of 2nd period - Shot Blocked by Emerson Etem.
5:05 of 2nd period - Wrist shot by Daniel Carr.
5:05 of 2nd period - Deflect By Erik Condra.
5:05 of 2nd period - Shot Misses the Net.
5:05 of 2nd period - Puck is out of play.
5:06 of 2nd period - Aleksander Barkov wins face-off versus Kyle Turris in Patriotes zone.
5:21 of 2nd period - Slapshot by Ville Leino.
5:21 of 2nd period - Deflect By Kyle Turris.
5:21 of 2nd period - Stopped by Thomas Greiss with a rebound.
5:39 of 2nd period - Wrist shot by Erik Condra.
5:39 of 2nd period - Shot Misses the Net.
5:51 of 2nd period - Ryan Murphy is hit by Matt Calvert and loses puck.
6:41 of 2nd period - Icing by Jason Zucker.
6:42 of 2nd period - Jonathan Marchessault wins face-off versus Christian Hanson in Patriotes zone.
7:09 of 2nd period - Backhand shot by Aleksander Barkov.
7:09 of 2nd period - Stopped by Marek Mazanek with a rebound.
7:11 of 2nd period - Wrist shot by David Kolomatis.
7:11 of 2nd period - Stopped by Marek Mazanek without a rebound.
7:12 of 2nd period - Aleksander Barkov wins face-off versus Kyle Turris in Sewer Rats zone.
7:39 of 2nd period - Matt Lashoff is hit by Christian Hanson and loses puck.
7:54 of 2nd period - Minor Penalty to Anthony Duclair for Holding.
7:55 of 2nd period - Christian Hanson wins face-off versus Ville Leino in Sewer Rats zone.
7:56 of 2nd period - Snap shot by Jason Zucker.
7:56 of 2nd period - Shot Misses the Net.
7:58 of 2nd period - Slapshot by Christian Hanson.
7:58 of 2nd period - Stopped by Marek Mazanek without a rebound.
7:59 of 2nd period - Ville Leino wins face-off versus Christian Hanson in Sewer Rats zone.
8:09 of 2nd period - Off-side.
8:10 of 2nd period - Ville Leino wins face-off versus Jason Zucker in neutral zone.
8:17 of 2nd period - Snap shot by Kyle Turris.
8:17 of 2nd period - Goal by Kyle Turris - Patriotes : 2 - Sewer Rats : 2.
8:18 of 2nd period - Christian Hanson wins face-off versus Ville Leino in neutral zone.
8:44 of 2nd period - Matt Lashoff is hit by Timothy Kunes and loses puck.
9:54 of 2nd period - Penalty to Anthony Duclair is over, Anthony Duclair is back on ice.
10:00 of 2nd period - Slapshot by Matt Lashoff.
10:00 of 2nd period - Shot Blocked by Timothy Kunes.
10:02 of 2nd period - Snap shot by Matt Lashoff.
10:02 of 2nd period - Stopped by Thomas Greiss with a rebound.
10:56 of 2nd period - Ryan Murphy is hit by Evgeny Kuznetsov and loses puck.
11:07 of 2nd period - Snap shot by Kyle Turris.
11:07 of 2nd period - Shot Misses the Net.
11:09 of 2nd period - Snap shot by Mark Mancari.
11:09 of 2nd period - Stopped by Thomas Greiss without a rebound.
11:10 of 2nd period - Christian Hanson wins face-off versus Kyle Turris in Patriotes zone.
11:49 of 2nd period - Snap shot by Matt Calvert.
11:49 of 2nd period - Shot Blocked by Ville Leino.
11:51 of 2nd period - Snap shot by Evgeny Kuznetsov.
11:51 of 2nd period - Shot Misses the Net.
11:53 of 2nd period - Wrist shot by Evgeny Kuznetsov.
11:53 of 2nd period - Deflect By Matt Calvert.
11:53 of 2nd period - Shot Blocked by Xavier Ouellet.
11:53 of 2nd period - Puck is out of play.
11:54 of 2nd period - Evgeny Kuznetsov wins face-off versus Jonathan Marchessault in Sewer Rats zone.
12:01 of 2nd period - Snap shot by Matt Calvert.
12:01 of 2nd period - Shot Blocked by Jonathan Marchessault.
12:42 of 2nd period - Minor Penalty to Aleksander Barkov for Hooking.
12:43 of 2nd period - Kyle Turris wins face-off versus Jason Zucker in Patriotes zone.
13:03 of 2nd period - Timothy Kunes is hit by Mark Mancari and loses puck.
14:10 of 2nd period - Wrist shot by Matt Calvert.
14:10 of 2nd period - Shot Misses the Net.
14:42 of 2nd period - Penalty to Aleksander Barkov is over, Aleksander Barkov is back on ice.
14:56 of 2nd period - Snap shot by Martin Frk.
14:56 of 2nd period - Goal by Martin Frk - Patriotes : 2 - Sewer Rats : 3.
14:57 of 2nd period - Evgeny Kuznetsov wins face-off versus William Karlsson in neutral zone.
15:06 of 2nd period - Minor Penalty to Anthony Duclair for Holding.
15:07 of 2nd period - Ville Leino wins face-off versus Tyler Randell in Sewer Rats zone.
15:42 of 2nd period - Snap shot by Matt Calvert.
15:42 of 2nd period - Goal by Matt Calvert - Patriotes : 3 - Sewer Rats : 3.
15:43 of 2nd period - Kyle Turris wins face-off versus Christian Hanson in neutral zone.
16:07 of 2nd period - Icing by Steven Kampfer.
16:08 of 2nd period - Evgeny Kuznetsov wins face-off versus Kyle Turris in Sewer Rats zone.
16:25 of 2nd period - Snap shot by Matt Lashoff.
16:25 of 2nd period - Shot Blocked by Emerson Etem.
17:22 of 2nd period - Wrist shot by Evgeny Kuznetsov.
17:22 of 2nd period - Shot Misses the Net.
17:24 of 2nd period - Snap shot by Emerson Etem.
17:24 of 2nd period - Shot Misses the Net.
17:26 of 2nd period - Slapshot by Shane Sims.
17:26 of 2nd period - Shot Misses the Net.
17:28 of 2nd period - Snap shot by David Kolomatis.
17:28 of 2nd period - Deflect By Emerson Etem.
17:28 of 2nd period - Shot Misses the Net.
17:28 of 2nd period - Puck is out of play.
17:29 of 2nd period - Christian Hanson wins face-off versus Jonathan Marchessault in Sewer Rats zone.
17:42 of 2nd period - Slapshot by Erik Condra.
17:42 of 2nd period - Stopped by Thomas Greiss with a rebound.
17:44 of 2nd period - Snap shot by Daniel Carr.
17:44 of 2nd period - Deflect By Jonathan Marchessault.
17:44 of 2nd period - Stopped by Thomas Greiss with a rebound.
17:54 of 2nd period - Timothy Kunes is hit by William Karlsson and loses puck.
17:59 of 2nd period - Snap shot by William Karlsson.
17:59 of 2nd period - Stopped by Thomas Greiss without a rebound.
18:00 of 2nd period - Aleksander Barkov wins face-off versus William Karlsson in Patriotes zone.
18:00 of 2nd period - Aleksander Barkov is hit by Martin Frk.
18:26 of 2nd period - Slapshot by Erik Condra.
18:26 of 2nd period - Goal by Erik Condra - Patriotes : 3 - Sewer Rats : 4.
18:27 of 2nd period - Jonathan Marchessault wins face-off versus Christian Hanson in neutral zone.
19:06 of 2nd period - Icing by Jarred Tinordi.
19:07 of 2nd period - Christian Hanson wins face-off versus Jonathan Marchessault in Sewer Rats zone.
19:34 of 2nd period - Wrist shot by Daniel Carr.
19:34 of 2nd period - Stopped by Thomas Greiss without a rebound.
19:35 of 2nd period - Kyle Turris wins face-off versus Evgeny Kuznetsov in Patriotes zone.
19:48 of 2nd period - Ville Leino is hit by Matt Calvert and loses puck.
Goals for this period are 1 for Patriotes vs 4 for Sewer Rats.
Shots for this period are 7 for Patriotes vs 20 for Sewer Rats.
3rd period
0:01 of 3rd period - Kyle Turris wins face-off versus Christian Hanson in neutral zone.
0:08 of 3rd period - Snap shot by Kyle Turris.
0:08 of 3rd period - Shot Blocked by Anthony Bitetto.
1:18 of 3rd period - Snap shot by Aleksander Barkov.
1:18 of 3rd period - Stopped by Marek Mazanek without a rebound.
1:19 of 3rd period - Christian Hanson wins face-off versus Kyle Turris in Sewer Rats zone.
1:28 of 3rd period - Slapshot by Jason Zucker.
1:28 of 3rd period - Shot Misses the Net.
1:34 of 3rd period - Slapshot by Steven Kampfer.
1:34 of 3rd period - Stopped by Thomas Greiss with a rebound.
1:52 of 3rd period - Snap shot by William Karlsson.
1:52 of 3rd period - Stopped by Thomas Greiss with a rebound.
1:54 of 3rd period - Wrist shot by Martin Frk.
1:54 of 3rd period - Stopped by Thomas Greiss with a rebound.
2:08 of 3rd period - Snap shot by Christian Hanson.
2:08 of 3rd period - Shot Misses the Net.
2:10 of 3rd period - Snap shot by Emerson Etem.
2:10 of 3rd period - Stopped by Marek Mazanek with a rebound.
2:12 of 3rd period - Snap shot by Matt Calvert.
2:12 of 3rd period - Shot Misses the Net.
2:14 of 3rd period - Snap shot by Matt Calvert.
2:14 of 3rd period - Shot Misses the Net.
2:18 of 3rd period - Wrist shot by Evgeny Kuznetsov.
2:18 of 3rd period - Deflect By Matt Calvert.
2:18 of 3rd period - Shot Misses the Net.
2:18 of 3rd period - Puck is out of play.
2:19 of 3rd period - Ville Leino wins face-off versus Borna Rendulic in Sewer Rats zone.
2:34 of 3rd period - Ville Leino is hit by Borna Rendulic and loses puck.
2:52 of 3rd period - Matt Lashoff is hit by David Kolomatis and loses puck.
3:25 of 3rd period - Dmitrij Jaskin is hit by Tyler Randell and loses puck.
3:34 of 3rd period - Backhand shot by Jason Zucker.
3:34 of 3rd period - Deflect By Tyler Randell.
3:34 of 3rd period - Shot Misses the Net.
3:34 of 3rd period - Puck is out of play.
3:35 of 3rd period - Daniel Carr wins face-off versus Christian Hanson in Sewer Rats zone.
3:51 of 3rd period - Slapshot by Erik Condra.
3:51 of 3rd period - Stopped by Thomas Greiss with a rebound.
4:18 of 3rd period - Vince Hinostroza is hit by Jonathan Marchessault and loses puck.
4:31 of 3rd period - Jonathan Marchessault is hit by Justin Florek and loses puck.
5:16 of 3rd period - Minor Penalty to William Karlsson for Holding.
5:17 of 3rd period - Christian Hanson wins face-off versus Ville Leino in Sewer Rats zone.
5:17 of 3rd period - Slapshot by Tyler Randell.
5:17 of 3rd period - Shot Misses the Net.
5:29 of 3rd period - Backhand shot by Tyler Randell.
5:29 of 3rd period - Shot Misses the Net.
5:31 of 3rd period - Backhand shot by Timothy Kunes.
5:31 of 3rd period - Shot Misses the Net.
5:33 of 3rd period - Slapshot by Timothy Kunes.
5:33 of 3rd period - Shot Blocked by Ville Leino.
5:59 of 3rd period - Steven Kampfer is hit by Matt Calvert.
7:16 of 3rd period - Penalty to William Karlsson is over, William Karlsson is back on ice.
7:23 of 3rd period - John Ramage is hit by Justin Florek and loses puck.
9:19 of 3rd period - Snap shot by Kyle Turris.
9:19 of 3rd period - Stopped by Thomas Greiss without a rebound.
9:20 of 3rd period - Emerson Etem wins face-off versus Kyle Turris in Patriotes zone.
9:31 of 3rd period - Steven Kampfer is hit by Matt Calvert and loses puck.
10:02 of 3rd period - Dillon Heatherington is hit by Jarred Tinordi and loses puck.
10:35 of 3rd period - Shea Theodore is hit by Matt Lashoff and loses puck.
11:18 of 3rd period - Wrist shot by Nick Cousins.
11:18 of 3rd period - Stopped by Thomas Greiss with a rebound.
11:20 of 3rd period - Snap shot by Ville Leino.
11:20 of 3rd period - Shot Misses the Net.
11:34 of 3rd period - Backhand shot by Aleksander Barkov.
11:34 of 3rd period - Shot Blocked by Steven Kampfer.
12:36 of 3rd period - Wrist shot by Matt Calvert.
12:36 of 3rd period - Stopped by Marek Mazanek without a rebound.
12:37 of 3rd period - Christian Hanson wins face-off versus Kyle Turris in Sewer Rats zone.
12:44 of 3rd period - Kyle Turris is hit by Tyler Randell and loses puck.
13:08 of 3rd period - Slapshot by Matt Calvert.
13:08 of 3rd period - Shot Misses the Net.
13:30 of 3rd period - Wrist shot by Shane Sims.
13:30 of 3rd period - Stopped by Marek Mazanek without a rebound.
13:31 of 3rd period - Aleksander Barkov wins face-off versus Kyle Turris in Sewer Rats zone.
13:34 of 3rd period - Slapshot by Aleksander Barkov.
13:34 of 3rd period - Stopped by Marek Mazanek with a rebound.
13:54 of 3rd period - Slapshot by Martin Frk.
13:54 of 3rd period - Shot Misses the Net.
13:56 of 3rd period - Snap shot by Ryan Murphy.
13:56 of 3rd period - Goal by Ryan Murphy - Patriotes : 3 - Sewer Rats : 5.
13:57 of 3rd period - Mark Mancari wins face-off versus Christian Hanson in neutral zone.
14:00 of 3rd period - Timothy Kunes is hit by Kyle Turris and loses puck.
14:51 of 3rd period - Matt Lashoff is hit by Aleksander Barkov and loses puck.
15:08 of 3rd period - Jared Knight is hit by Ville Leino and loses puck.
15:25 of 3rd period - Matt Lashoff is hit by Tyler Randell.
15:41 of 3rd period - John Ramage is hit by Matt Calvert and loses puck.
15:46 of 3rd period - Snap shot by Emerson Etem.
15:46 of 3rd period - Shot Misses the Net.
15:48 of 3rd period - Slapshot by Anthony Bitetto.
15:48 of 3rd period - Deflect By Erik Condra.
15:48 of 3rd period - Stopped by Marek Mazanek without a rebound.
15:49 of 3rd period - William Karlsson wins face-off versus Aleksander Barkov in Sewer Rats zone.
15:58 of 3rd period - Wrist shot by William Karlsson.
15:58 of 3rd period - Stopped by Thomas Greiss with a rebound.
16:00 of 3rd period - Snap shot by Martin Frk.
16:00 of 3rd period - Shot Blocked by Timothy Kunes.
16:02 of 3rd period - Wrist shot by William Karlsson.
16:02 of 3rd period - Stopped by Thomas Greiss with a rebound.
16:04 of 3rd period - Snap shot by William Karlsson.
16:04 of 3rd period - Shot Blocked by Anthony Bitetto.
16:19 of 3rd period - Slapshot by Christian Hanson.
16:19 of 3rd period - Shot Misses the Net.
16:21 of 3rd period - Backhand shot by Shane Sims.
16:21 of 3rd period - Deflect By Christian Hanson.
16:21 of 3rd period - Shot Hit the Post.
16:21 of 3rd period - Puck is out of play.
16:22 of 3rd period - Jason Zucker wins face-off versus Kyle Turris in Sewer Rats zone.
16:31 of 3rd period - Slapshot by Jason Zucker.
16:31 of 3rd period - Stopped by Marek Mazanek with a rebound.
16:33 of 3rd period - Snap shot by Jason Zucker.
16:33 of 3rd period - Shot Blocked by John Ramage.
16:35 of 3rd period - Snap shot by Tyler Randell.
16:35 of 3rd period - Stopped by Marek Mazanek with a rebound.
16:53 of 3rd period - Snap shot by Evgeny Kuznetsov.
16:53 of 3rd period - Stopped by Marek Mazanek with a rebound.
16:55 of 3rd period - Snap shot by Matt Calvert.
16:55 of 3rd period - Shot Misses the Net.
16:57 of 3rd period - Slapshot by Matt Calvert.
16:57 of 3rd period - Stopped by Marek Mazanek with a rebound.
17:05 of 3rd period - Minor Penalty to Martin Frk for Hooking.
17:06 of 3rd period - Christian Hanson wins face-off versus Ville Leino in Sewer Rats zone.
17:07 of 3rd period - Snap shot by Jason Zucker.
17:07 of 3rd period - Stopped by Marek Mazanek without a rebound.
17:08 of 3rd period - Christian Hanson wins face-off versus Ville Leino in Sewer Rats zone.
17:15 of 3rd period - Snap shot by Ville Leino.
17:15 of 3rd period - Shot Misses the Net.
17:17 of 3rd period - Snap shot by Steven Kampfer.
17:17 of 3rd period - Stopped by Thomas Greiss without a rebound.
17:18 of 3rd period - Ville Leino wins face-off versus Christian Hanson in Patriotes zone.
17:51 of 3rd period - Wrist shot by Jason Zucker.
17:51 of 3rd period - Shot Misses the Net.
17:53 of 3rd period - Snap shot by Tyler Randell.
17:53 of 3rd period - Shot Misses the Net.
18:03 of 3rd period - Slapshot by Jason Zucker.
18:03 of 3rd period - Shot Misses the Net.
18:05 of 3rd period - Slapshot by Anthony Bitetto.
18:05 of 3rd period - Shot Misses the Net.
18:07 of 3rd period - Wrist shot by Jason Zucker.
18:07 of 3rd period - Stopped by Marek Mazanek with a rebound.
18:09 of 3rd period - Snap shot by Anthony Bitetto.
18:09 of 3rd period - Stopped by Marek Mazanek with a rebound.
19:05 of 3rd period - Penalty to Martin Frk is over, Martin Frk is back on ice.
19:22 of 3rd period - Slapshot by Riley Barber.
19:22 of 3rd period - Goal by Riley Barber - Patriotes : 4 - Sewer Rats : 5.
19:23 of 3rd period - Kyle Turris wins face-off versus Christian Hanson in neutral zone.
19:36 of 3rd period - Patriotes, Thomas Greiss is pulled from the net.
19:45 of 3rd period - Icing by Kyle Turris.
19:46 of 3rd period - Jason Zucker wins face-off versus Kyle Turris in Sewer Rats zone.
Goals for this period are 1 for Patriotes vs 1 for Sewer Rats.
Shots for this period are 14 for Patriotes vs 10 for Sewer Rats.
Back to the Top